 Dungeon Crawl Stone Soup version 0.30-a0-29-g142975f185 (webtiles) character file.

Game seed: 4527790677333011495

1761 Newt the Shooter (level 8, 0/60 HPs)
             Began as a Demonspawn Gladiator on Aug 26, 2022.
             Was an Initiate of Hepliaklqana.
             Succumbed to a kobold brigand's poison
             ... on level 8 of the Dungeon.
             The game lasted 00:09:10 (5413 turns).

Newt the Shooter (Demonspawn Gladiator)             Turns: 5413, Time: 00:09:11

Health: 0/60       AC:  3    Str: 13 (14) XL:     8   Next: 79%
Magic:  8/8        EV: 14    Int:  9 (10) God:    Hepliaklqana [......]
Gold:   259        SH:  0    Dex: 14 (17) Spells: 7/7 levels left

rFire   . . .      SeeInvis .    r - +1 triple crossbow
rCold   . . .      Faith    +    (shield currently unavailable)
rNeg    . . .      Spirit   .    j - +0 leather armour
rPois   .          Reflect  .    (helmet restricted)
rElec   .          Harm     +    v - scarf {harm}
rCorr   .          Rampage  .    (no gloves)
Will    .....                    (no boots)
Stlth   ++........               m - amulet of faith
HPRegen 0.20/turn                (no ring)
MPRegen 0.22/turn                (no ring)

@: lethally poisoned (0 -> -10), about to teleport
A: horns 1, foul stench 2, magic regeneration
a: Renounce Religion


You were on level 8 of the Dungeon.
You worshipped Hepliaklqana.
Hepliaklqana was noncommittal.
You visited 2 branches of the dungeon, and saw 7 of its levels.

You collected 259 gold pieces.

Inventory:

Hand Weapons
 a - a +0 rapier
 b - a +0 sling
 r - a +1 triple crossbow (weapon)
Missiles
 d - 5 throwing nets
 e - a javelin
Armour
 c - a +0 helmet
 i - a +1 cloak
 j - a +0 leather armour (worn)
 n - a +0 scale mail
 v - a scarf of harm (worn)
Jewellery
 m - an amulet of faith (around neck)
 y - a ring of see invisible
Scrolls
 l - a scroll of fog
 p - a scroll of immolation
 s - 4 scrolls of teleportation
Potions
 f - 3 potions of lignification
 g - a potion of resistance {unknown}
 h - a potion of ambrosia {unknown}
 o - a potion of magic {unknown}
 q - a potion of degeneration
 t - a potion of cancellation {unknown}
 u - 2 potions of attraction {unknown}
 w - 2 potions of haste {unknown}
 x - a potion of brilliance {unknown}


   Skills:
 - Level 4.0 Fighting
 - Level 2.6 Short Blades
 + Level 7.9 Ranged Weapons
 - Level 1.7 Throwing
 - Level 6.0 Dodging
 - Level 2.0 Stealth


You had 7 spell levels left.
You didn't know any spells.
Your spell library contained the following spells:

 Spells                   Type           Power      Damage    Failure   Level
 Dazzling Flash           Conj/Hex       0%         N/A       83%         3
 Iskenderun's Mystic Bla  Conj/Tloc      0%         2d3       99%         4
 Starburst                Conj/Fire      0%         6d3       100%        6


Dungeon Overview and Level Annotations

Branches:
Dungeon (8/15)             Temple (1/1) D:4
   Lair: D:8-11

Altars:
Dithmenos
Gozag
Hepliaklqana
Makhleb
Nemelex Xobeh
Okawaru
Qazlal
Ru
Uskayaw
Vehumet
Wu Jian
Xom


Innate Abilities, Weirdness & Mutations

You have a pair of small horns on your head.
You sometimes emit foul miasma when damaged in melee.
You regenerate magic rapidly.


Message History

The stone misses you.
The kobold brigand hits you with a +0 whip.
Unknown command.
Unknown command.
Fire: r) +1 triple crossbow
Press: ? - help, Shift-Dir - straight line, f/p - centaur
Aim: a centaur, wielding a +2 vorpal shortbow (72% to hit)
You shoot a bolt. The bolt barely misses the kobold.
The bolt barely misses the centaur.
The kobold hits you but does no damage. x2
The kobold brigand hits you with a +0 whip!
* * * LOW HITPOINT WARNING * * *
The kobold barely misses you. The kobold closely misses you.
The kobold brigand hits you with a +0 whip.
* * * LOW HITPOINT WARNING * * *
Unknown command.
You feel better. The kobold hits you but does no damage.
The kobold hits you with a +0 short sword.
* * * LOW HITPOINT WARNING * * *
The kobold brigand hits you with a +0 whip.
* * * LOW HITPOINT WARNING * * *
Unknown command.
Okay, then.
As you read the scroll of teleportation, it crumbles to dust.
You feel strangely unstable.
The kobold hits you with a +0 short sword.
* * * LOW HITPOINT WARNING * * *
The kobold misses you.
The kobold brigand hits you but does no damage.
The kobold throws a stone.
The stone misses you.
The kobold brigand hits you but does no damage.
The kobold brigand attacks as you move away!
The kobold brigand completely misses you.
The kobold throws a stone.
The stone completely misses you.
The kobold brigand throws a poisoned dart.
The poisoned dart hits you!
You are lethally poisoned!
It was a potion of degeneration.
There was something very wrong with that liquid.
You feel weakened.
You feel dopey.
You feel clumsy.
You die...

..#.....##+## .....
######......###...8
.....#......#.....
.....#......#....
.....#......#.c.
.....#......##)###
.....###'##..KKK.#
.....##...#....K.#
..........#.....@#
..........#......#
..........#......#
#.....#...#......†.
#...##############..
.....# .. .....# .
.....# .....#


You could see a kobold brigand, a centaur and 3 kobolds.

Vanquished Creatures
  Pikel (D:5)
  A hornet (D:8)
  Sigmund (D:4)
  A steam dragon (D:5)
  A water moccasin (D:8)
  An ice beast (D:8)
  An ogre (D:5)
  2 centaurs (D:8)
  A lemure (D:5)
  A scorpion (D:4)
  Crazy Yiuf (D:2)
  A gnoll bouda (D:5)
  2 jellies (D:4)
  An iguana (D:4)
  Robin (D:2)
  4 gnolls (D:5)
  5 adders
  2 worms (D:4)
  3 dart slugs
  2 orcs
  2 bats
  12 endoplasms
  3 giant cockroaches
  9 goblins
  11 hobgoblins
  13 jackals
  6 quokkas
  5 ball pythons
  3 frilled lizards
  14 kobolds
  6 rats
117 creatures vanquished.

Vanquished Creatures (others)
  2 fungi (D:4)
  8 toadstools (D:4)
10 creatures vanquished.

Grand Total: 127 creatures vanquished

Notes
Turn   | Place    | Note
-------+----------+-------------------------------------------
     0 | D:1      | Newt the Demonspawn Gladiator began the quest for the Orb.
     0 | D:1      | Reached XP level 1. HP: 16/16 MP: 1/1
    72 | D:1      | Reached skill level 1 in Stealth
   209 | D:1      | Found a faded altar of an unknown god.
   218 | D:1      | Gained mutation: You have a pair of small horns on your
                  | head. [demonic ancestry]
   218 | D:1      | Reached XP level 2. HP: 22/22 MP: 2/2
   518 | D:1      | Reached XP level 3. HP: 17/28 MP: 3/3
  1874 | D:2      | Found a runed translucent door.
  1875 | D:2      | Noticed Crazy Yiuf
  1877 | D:2      | Noticed Robin
  2146 | D:2      | Killed Crazy Yiuf
  2147 | D:2      | Gained mutation: You regenerate magic rapidly. [demonic
                  | ancestry]
  2147 | D:2      | Reached XP level 4. HP: 11/37 MP: 0/4
  2153 | D:2      | Killed Robin
  2154 | D:2      | Reached skill level 1 in Ranged Weapons
  3349 | D:4      | Noticed a scorpion
  3353 | D:4      | Killed a scorpion
  3354 | D:4      | Reached skill level 2 in Ranged Weapons
  3354 | D:4      | Gained mutation: You may rarely emit foul miasma when
                  | damaged in melee. [demonic ancestry]
  3354 | D:4      | Reached XP level 5. HP: 42/42 MP: 5/5
  3376 | D:4      | Reached skill level 3 in Ranged Weapons
  3444 | D:4      | Found a staircase to the Ecumenical Temple.
  3458 | D:5      | Entered Level 5 of the Dungeon
  3474 | Temple   | Entered the Ecumenical Temple
  3618 | Temple   | Became a worshipper of Hepliaklqana the Forgotten
  3879 | D:4      | Noticed Sigmund
  3880 | D:4      | Killed Sigmund
  3881 | D:4      | Reached skill level 4 in Ranged Weapons
  3881 | D:4      | Reached XP level 6. HP: 48/48 MP: 6/6
  4183 | D:4      | Identified the +6 hand axe of Ashenzari's Favour {freeze,
                  | rElec rF+}
  4278 | D:4      | Reached skill level 5 in Ranged Weapons
  4552 | D:5      | Noticed Pikel
  4556 | D:5      | Killed Pikel
  4557 | D:5      | Reached skill level 6 in Ranged Weapons
  4557 | D:5      | Gained mutation: You sometimes emit foul miasma when
                  | damaged in melee. [demonic ancestry]
  4557 | D:5      | Reached XP level 7. HP: 46/54 MP: 7/7
  4623 | D:5      | Identified the +0 helmet of Indomitability {rN+ rCorr
                  | Int-4}
  4641 | D:5      | Found a burning altar of Makhleb.
  4642 | D:5      | Found a shadowy altar of Dithmenos.
  4643 | D:5      | Found an ornate altar of the Wu Jian Council.
  4665 | D:5      | Noticed a steam dragon
  4669 | D:5      | Reached skill level 5 in Dodging
  4670 | D:5      | Killed a steam dragon
  4671 | D:5      | Reached XP level 8. HP: 46/60 MP: 8/8
  4813 | D:5      | Found a sacrificial altar of Ru.
  4964 | D:5      | You fall into a shaft and drop 3 floors!
  5191 | D:8      | Reached skill level 7 in Ranged Weapons
  5394 | D:8      | Noticed a hornet
  5395 | D:8      | Killed a hornet
  5410 | D:8      | HP: 2/60 [kobold/+0 short sword (2)]
  5413 | D:8      | Succumbed to a kobold brigand's poison

Illustrated notes

Levels and vault maps discovered:
D:1:      psy_arrival_conway, layout_loops_cross,
          shapermc_ecumenical_altar_mp_highgroup, minmay_misc_feat_hallway
D:2:      layout_loops_ring, kennysheep_generic_room_3, uniq_crazy_yiuf_cottage,
          uniq_robin
D:3:      layout_basic
D:4:      cheibrodos_fertilizer, layout_cave_pools,
          minmay_temple_entry_mini_moons, uniq_sigmund
D:5:      layout_basic, nzn_overflow_gifts_of_might_and_magic, minitemple,
          overflow_temple_1_default, grunt_decor_arrowhead,
          minmay_misc_feat_chi, uniq_pikel
D:8:      layout_gridville, david_defended_altar_orc
Temple:   hellmonk_temple_flake

Skill      XL: |  1  2  3  4  5  6  7  8 |
---------------+-------------------------+-----
Stealth        | 1 2 |  2.0
Fighting       | 4 |  4.0
Ranged Weapons | 2 4 6 7 |  7.9
Dodging        | 4 5 6 |  6.0
Short Blades   | |  2.6
Throwing       | |  1.7

Action                   |  1- 3 |  4- 6 |  7- 9 || total
-------------------------+-------+-------+-------++-------
Melee: Rapier            |    83 |       |       ||    83
       Punch             |     1 |       |       ||     1
       Headbutt          |    10 |       |       ||    10
 Fire: Triple crossbow   |    20 |    87 |    37 ||   144
       Sling             |     8 |       |       ||     8
Throw: Throwing net      |     1 |     2 |       ||     3
  Use: Scroll            |     7 |     3 |     1 ||    11
       Potion            |       |       |     4 ||     4
 Stab: Sleeping          |     1 |       |       ||     1
Armor: Leather armour    |    34 |    15 |     9 ||    58
Dodge: Dodged            |    88 |    53 |    41 ||   182

Table legend: (Time is in decaauts)
 A = Elapsed time spent in this place.
 B = Non-inter-level travel time spent in this place.
 C = Inter-level travel time spent in this place.
 D = Time resting spent in this place.
 E = Time spent auto-exploring this place.
 F = Levels seen in this place.
 G = Mean time per level.
                   A        B        C        D        E       F      G
               +--------+--------+--------+--------+--------+-----+--------+
         Total |   5594 |   5381 |    213 |    814 |   3815 |   7 |  799.1 |
       Dungeon |   5438 |   5236 |    202 |    814 |   3683 |   6 |  906.3 |
        Temple |    155 |    144 |     11 |      0 |    132 |   1 |  155.0 |
               +--------+--------+--------+--------+--------+-----+--------+

Top non-repeatable levels by time:
     D:2: 1398 daAuts
     D:1: 1211 daAuts
     D:4: 1154 daAuts
     D:3: 752 daAuts
     D:8: 469 daAuts
     D:5: 451 daAuts
  Temple: 155 daAuts
